AoeStats
← owengold23

Arabia

507884971Analyzed
1v1 RM · 14d ago on Sep 20, 2026· 38m 6s· 2 players
Game mode
Random Map
Map size
Tiny (2 player)
Population
200
Speed
Normal
Resources
Standard
Victory
Conquest
Starting age
Dark Age
Ending age
Imperial Age
RankedLock teamsTeams togetherTeam positionsShared explorationLock speedFull tech treeHidden civsTurbo modeCheats
Victory
Defeat
🇩🇪 Slavs · Germany
1743
+12
🇦🇺 Burgundians · Australia
1650
-12
ExequielPalacios25
8:57 Feudal Age
10:01 Loom
10:04 Double-Bit Axe
15:14 Horse Collar
16:30 Wheelbarrow
20:06 Castle Age
18:38 Fletching
18:54 Gold Mining
21:50 Bow Saw
22:21 Heavy Plow
24:23 Scale Barding Armor
24:51 Town Watch
26:28 Chain Barding Armor
26:31 Bloodlines
27:41 Devotion
28:12 Forging
30:52 Husbandry
34:08 Imperial Age
33:22 Sanctity
33:03 Stone Mining
33:52 Gold Shaft Mining
34:07 Iron Casting
34:39 Hand Cart
34:13 Cavalier
35:22 Block Printing
37:03 Blast Furnace
35:38 Light Cavalry
37:22 Plate Barding Armor
owengold23
4:55 Loom
9:30 Feudal Age
8:10 Double-Bit Axe
10:27 Bow Saw
11:44 Horse Collar
15:52 Fletching
16:59 Gold Mining
18:38 Wheelbarrow
22:03 Castle Age
21:24 Gold Shaft Mining
20:56 Heavy Plow
22:25 Hand Cart
22:07 Crossbowman
22:43 Bodkin Arrow
24:00 Two-Man Saw
24:13 Padded Archer Armor
24:31 Scale Barding Armor
25:46 Crop Rotation
25:13 Town Watch
25:59 Scale Mail Armor
26:13 Stone Mining
27:17 Pikeman
29:58 Chain Mail Armor
31:58 Forging
32:21 Squires
35:08 Imperial Age
34:09 Chain Barding Armor
35:51 Burgundian Vineyards
36:43 Plate Mail Armor
35:57 Halberdier
38:22 Chemistry
Connection lost

Rejoining the realm…

Still unreachable

The connection could not be restored.

Session expired

The server has moved on; the page needs a fresh start.